Map: Dreamcatcher LE

Players

Phonon

  • Race: Protoss Protoss
  • League: Platinum
  • Spawn Location: 11:00

Nopi - Winner!

  • Race: Zerg Zerg
  • League: Diamond
  • Spawn Location: 5:00

VOD

Have the link to the VOD?

Description

the build may or may not be decent, idk, im plat only, but for me it shows the power of delaying the gas a tiny bit and being effecient, and man o man ultra v carrier ftw.

Time

  • Played on: May 16, 2018, 1:09 a.m.
  • Length: 24:53
Show
View Real Time Build Order
Export as new Build Order

Phonon Protoss 

Build Orders:  

Get SALT Encoding   

  12  0:02  Probe  
  13  0:14  Probe  
  14  0:21  Pylon  
  14  0:26  Probe  
  15  0:38  Probe  
  15  0:42  Gateway  
  16  0:46  Probe  
  16  0:54  Probe  
  16  0:57  Assimilator  
  18  1:05  Probe  
  19  1:13  Assimilator  
  19  1:22  Pylon  
  19  1:24  Probe  
  20  1:35  Cybernetics Core  
  20  1:36  Probe  
  20  1:39  Zealot  
  23  1:53  Probe  
  24  2:05  Warp Gate  
  24  2:15  Nexus  
  24  2:21  Adept  
  26  2:25  Probe  
  27  2:35  Shield Battery  
  27  2:37  Probe  
  28  2:49  Probe  
  29  2:55  Pylon  
  29  2:57  Adept  
  31  3:09  Robotics Facility  
  31  3:13  Probe  
  31  3:18  Shield Battery  
  32  3:25  Probe, Adept  
  35  3:27  Probe  
  36  3:38  Probe x2  
  37  3:43  Gateway  
  37  3:46  Probe x2  
  40  3:55  Pylon  
  40  3:58  Probe  
  40  4:00  Probe, Observer  
  43  4:16  Pylon  
  43  4:20  Probe x2  
  45  4:26  Shield Battery  
  45  4:29  Assimilator  
  45  4:32  Probe, Assimilator  
  46  4:40  Probe  
  46  4:42  Twilight Council, Gateway  
  47  4:47  Immortal  
  47  4:49  Probe  
  52  4:55  Probe  
  52  4:56  Forge  
  53  5:01  Probe  
  54  5:15  Pylon  
  54  5:16  Probe  
  54  5:17  Probe  
  54  5:21  Pylon  
  56  5:24  Charge  
  56  5:27  Templar Archives  
  56  5:29  Probe, Photon Cannon  
  56  5:30  Probe  
  56  5:33  Photon Cannon  
  58  5:42  Immortal  
  62  5:45  Probe  
  62  5:46  Probe  
  64  5:55  Gateway  
  64  5:57  Gateway  
  64  6:01  Gateway  
  64  6:05  Pylon  
  64  6:08  Psionic Storm  
  64  6:09  Probe x2  
  66  6:21  Warp Prism  
  68  6:28  Probe x2  
  70  6:40  Probe x2  
  72  6:55  Nexus  
  72  6:59  Observer  
  73  7:08  Probe x2  
  75  7:20  Immortal, Pylon  
  75  7:21  Pylon  
  79  7:31  Probe x2  
  79  7:38  High Templar  
  79  7:39  High Templar x5  
  91  7:46  Gateway  
  91  7:48  Gateway  
  91  7:49  Gateway  
  91  7:58  Protoss Ground Weapons Level 1  
  91  7:59  Warp Prism  
  93  8:09  Archon  
  93  8:10  Archon x2, Pylon  
  93  8:11  Probe x3  
  96  8:18  Zealot x6  
  108  8:23  Probe x2  
  108  8:24  Photon Cannon  
  110  8:29  Pylon  
  110  8:30  Pylon  
  110  8:31  Assimilator  
  110  8:34  Probe  
  110  8:35  Probe, Assimilator  
  110  8:38  Immortal  
  110  8:39  High Templar x5  
  110  8:40  High Templar  
  128  8:47  Zealot x3  
  134  8:48  Probe  
  134  8:53  Shield Battery  
  134  8:55  Shield Battery  
  135  8:58  Probe x2  
  135  9:01  Probe  
  138  9:10  Probe x2  
  138  9:17  Forge  
  140  9:20  Forge  
  140  9:25  Zealot x2  
  140  9:26  Zealot x2  
  140  9:29  Probe  
  149  9:33  Pylon  
  149  9:37  Pylon  
  149  9:51  Probe x2, Protoss Ground Armor Level 1  
  151  9:56  Nexus  
  151  10:09  Archon x3  
  151  10:12  High Templar  
  151  10:13  High Templar x6  
  165  10:55  Immortal  
  129  11:13  High Templar x6  
  129  11:15  Zealot x3  
  147  11:24  Archon  
  147  11:25  Archon  
  147  11:29  Protoss Shields Level 1  
  147  11:30  Probe x3  
  150  11:34  Immortal, Pylon  
  150  11:37  High Templar x2  
  158  11:42  Probe  
  159  11:48  Pylon  
  159  11:50  Protoss Ground Armor Level 2, Pylon  
  159  11:51  Pylon  
  159  11:56  Pylon  
  159  12:04  Assimilator  
  159  12:05  Probe x3  
  162  12:11  Pylon  
  162  12:12  Assimilator  
  162  12:14  Observer  
  163  12:17  Probe  
  164  12:24  Stargate  
  164  12:25  Stargate  
  164  12:27  Stargate  
  164  12:29  Stargate  
  164  12:34  Stargate  
  164  12:35  Immortal  
  164  12:36  Probe x3  
  164  12:37  Probe  
  172  12:47  Shield Battery  
  172  12:50  Photon Cannon  
  172  12:51  Shield Battery  
  172  12:54  Protoss Ground Weapons Level 2  
  171  13:38  High Templar x4, Fleet Beacon  
  128  14:25  Archon x4  
  128  14:30  Zealot x5  
  128  14:31  Zealot x4  
  146  14:57  Zealot x7  
  146  14:58  Zealot x2  
  160  15:12  Carrier x4  
  170  15:22  Protoss Ground Weapons Level 3, Pylon  
  170  15:23  Pylon  
  170  15:40  Carrier  
  174  15:54  High Templar  
  176  15:57  Zealot  
  176  15:58  Zealot x5  
  188  16:30  Nexus  
  188  16:35  Protoss Air Weapons Level 1  
  186  16:46  Carrier  
  186  16:58  Carrier  
  186  17:00  Assimilator  
  188  17:01  Pylon  
  188  17:04  Pylon  
  188  17:05  Pylon, Assimilator  
  188  17:08  Nexus  
  188  17:17  Pylon  
  188  17:19  Carrier, Protoss Shields Level 2  
  188  17:21  Carrier  
  199  17:50  Shield Battery  
  199  17:52  Shield Battery  
  199  17:54  Shield Battery  
  199  17:59  Cybernetics Core  
  199  18:07  Protoss Ground Armor Level 3  
  199  18:12  Pylon  
  199  18:18  Carrier  
  164  18:36  Carrier x2  
  156  18:58  Carrier  
  158  19:25  Immortal  
  162  19:43  Carrier  
  168  19:54  Nexus  
  168  19:56  Assimilator  
  168  19:58  Assimilator  
  168  20:04  Immortal  
  172  20:10  Carrier  
  148  20:35  Carrier  
  154  20:43  Probe x3  
  154  20:44  Observer  
  152  20:55  Probe  
  144  21:04  Probe x2  
Show
View Real Time Build Order
Export as new Build Order

Nopi Zerg - Winner!

Build Orders: Hatch First 

Get SALT Encoding   

  12  0:01  Drone  
  13  0:12  Overlord  
  13  0:17  Drone  
  14  0:31  Drone x2  
  16  0:38  Drone  
  17  0:52  Hatchery  
  17  0:55  Drone  
  17  0:59  Drone  
  18  1:14  Spawning Pool  
  18  1:15  Drone  
  18  1:19  Drone  
  19  1:29  Drone  
  20  1:44  Overlord  
  20  2:00  Queen  
  22  2:04  Drone x2  
  22  2:07  Drone, Hatchery  
  24  2:16  Drone x2  
  24  2:21  Queen  
  28  2:30  Drone x2  
  28  2:33  Overlord  
  30  2:41  Queen  
  30  2:44  Drone x2  
  34  2:58  Drone x3  
  37  3:08  Drone x2  
  37  3:11  Overlord  
  39  3:16  Overlord  
  39  3:26  Queen  
  41  3:30  Extractor  
  41  3:31  Drone  
  41  3:32  Drone, Extractor  
  41  3:33  Drone x2  
  43  3:34  Drone  
  43  3:35  Drone  
  43  3:36  Drone  
  43  3:39  Drone  
  47  3:44  Overlord  
  47  4:00  Drone x5  
  52  4:03  Queen x2  
  52  4:04  Queen  
  52  4:09  Hatchery  
  57  4:13  Hatchery  
  57  4:15  Drone  
  57  4:44  Hatchery  
  56  5:23  Evolution Chamber  
  56  5:25  Evolution Chamber  
  54  5:29  Evolution Chamber  
  53  5:38  Drone x16  
  69  5:44  Queen x5  
  79  5:50  Metabolic Boost  
  79  5:53  Zerg Melee Weapons Level 1  
  79  5:56  Zerg Ground Armor Level 1, Hatchery  
  78  5:58  Zerg Missile Weapons Level 1  
  78  6:15  Lair  
  78  6:20  Queen x4  
  86  6:36  Overlord x14  
  86  7:04  Zergling x18  
  86  7:05  Zergling x14  
  102  7:39  Hydralisk Den  
  102  7:40  Infestation Pit  
  102  7:44  Pneumatized Carapace  
  100  7:45  Burrow  
  100  7:46  Queen  
  100  7:47  Queen x3  
  108  7:55  Drone x2  
  108  7:56  Drone x6  
  116  8:02  Zerg Missile Weapons Level 2  
  116  8:03  Zerg Melee Weapons Level 2  
  116  8:20  Zergling x30  
  116  8:22  Queen x4  
  116  8:26  Queen  
  141  8:52  Drone x19  
  160  8:56  Queen, Extractor  
  160  8:58  Queen x3, Zerg Ground Armor Level 2, Extractor  
  166  9:03  Hive  
  166  9:09  Extractor  
  165  9:16  Extractor  
  164  9:21  Overlord  
  164  9:22  Overlord  
  164  9:23  Extractor  
  163  9:24  Overlord  
  163  9:25  Extractor  
  163  9:29  Hydralisk x3  
  168  9:36  Drone x3  
  168  9:37  Drone x3  
  174  9:39  Drone x3  
  174  9:40  Drone x2  
  174  9:41  Drone  
  174  9:42  Drone x3  
  174  9:44  Drone x2  
  185  9:46  Drone  
  186  9:53  Queen x6  
  198  10:00  Hatchery  
  198  10:01  Extractor  
  198  10:06  Extractor  
  195  10:15  Baneling Nest  
  194  10:29  Queen x3  
  198  10:50  Hydralisk  
  133  11:05  Hydralisk x3, Extractor  
  133  11:06  Hydralisk x18, Extractor  
  133  11:07  Hatchery  
  160  11:37  Overseer x5  
  160  11:41  Drone  
  160  11:42  Drone x2  
  160  11:43  Drone x2  
  160  11:44  Drone  
  160  11:45  Zerg Melee Weapons Level 3, Zerg Missile Weapons Level 3  
  160  11:46  Zerg Ground Armor Level 3  
  166  12:34  Hydralisk  
  166  12:35  Hydralisk x16  
  200  13:14  Hatchery  
  200  13:15  Extractor  
  200  13:18  Extractor  
  143  13:58  Hydralisk x4  
  143  13:59  Hydralisk x20  
  143  14:01  Overseer  
  133  14:17  Drone x2  
  133  14:19  Drone x2, Overseer  
  137  14:40  Hydralisk  
  137  14:41  Hydralisk x21  
  181  14:58  Hydralisk x9  
  197  15:23  Muscular Augments  
  197  15:29  Centrifical Hooks  
  197  15:33  Ultralisk Cavern  
  196  16:15  Roach Warren  
  196  16:17  Queen x2  
  197  16:34  Grooved Spines  
  197  16:39  Chitinous Plating  
  191  17:43  Hatchery  
  190  17:49  Hatchery  
  161  18:52  Hydralisk x4  
  161  18:53  Hydralisk  
  161  18:55  Overlord x11  
  165  18:56  Overlord x4  
  93  19:20  Ultralisk x9  
  93  19:21  Ultralisk x8  
  197  19:32  Extractor x2  
  193  19:42  Zergling x16  
  194  19:59  Hydralisk x4  
  199  20:20  Hydralisk x12  
  199  20:42  Overseer x3  
  189  21:13  Spire  
  189  21:15  Hydralisk x6  
  200  21:20  Hydralisk  
  200  21:22  Hydralisk  
  200  21:26  Hydralisk x3  
  200  21:32  Hydralisk  
  200  21:33  Hydralisk x2  
  200  22:12  Hydralisk x3  
  200  22:15  Hydralisk x3  
  194  22:20  Overseer  
  188  22:31  Hydralisk x6  
  194  22:42  Hydralisk x3  
  194  22:43  Hydralisk x3  
  182  23:01  Hydralisk x9  
  138  23:31  Hydralisk x16  
  138  23:32  Hydralisk x5  
  150  23:51  Ultralisk x8  
Tags
 
Add a new tag
Caveats
  • Supply blocks, unpowered buildings, or Contaminate may cause inaccurate times.
  • Supply counts are checked every 10 seconds.